 Dungeon Crawl Stone Soup version 0.17-a0-896-g249456b (webtiles) character file.

28 kusayu the Sneak (level 3, -4/24 HPs)
             Began as a Vampire Enchanter on May 2, 2015.
             Killed from afar by Robin (8 damage)
             ... with a wand of flame
             ... on level 2 of the Dungeon.
             The game lasted 00:04:16 (1244 turns).

kusayu the Sneak (Vampire Enchanter)                Turns: 1244, Time: 00:04:16

Health: -4/24      AC:  3    Str:  7    XL:     3   Next: 0%
Magic:  1/6        EV: 12    Int: 18    God:
Gold:   83         SH:  0    Dex: 14    Spells: 2 memorised, 4 levels left

rFire  . . .     SeeInvis +     a - +1 dagger
rCold  + . .     Clarity  .     b - +1 robe
rNeg   + + .     SustAb   .     (no shield)
rPois  +         Gourm    .     (no helmet)
rElec  .         Spirit   .     (no cloak)
rCorr  .         Warding  .     (no gloves)
rMut   .         Stasis   .     (no boots)
MR     .....                    (no amulet)
Stlth  +++.......               (no ring)
                                (no ring)

@: regenerating slowly, not resistant to hostile enchantments, fairly stealthy
A: fangs 3, see invisible, unbreathing
a: Bat Form


You were on level 2 of the Dungeon.
You were thirsty.

You visited 1 branch of the dungeon, and saw 2 of its levels.

You collected 83 gold pieces.

Inventory:

Hand weapons
 a - a +1 dagger (weapon)
Armour
 b - a +1 robe (worn)
Jewellery
 m - a +1 ring of slaying {unknown}
Scrolls
 d - a scroll of remove curse {unknown}
 e - a scroll of random uselessness {unknown}
 g - a scroll of noise {unknown}
 h - 2 scrolls of recharging {unknown}
 i - a scroll of enchant armour {unknown}
 l - a scroll of enchant weapon {unknown}
Potions
 f - a potion of degeneration {unknown}
 j - 4 potions of flight {unknown}
 k - a potion of lignification {unknown}
 n - a potion of poison {unknown}
 q - 5 potions of blood
Books
 c - a book of Maledictions

   Spells                             Type                      Level
   a - Corona                         Hexes                        1
   b - Ensorcelled Hibernation        Hexes/Ice                    2
   c - Confuse                        Hexes                        3
   d - Tukima's Dance                 Hexes                        3
   e - Dazzling Spray                 Conjuration/Hexes            3


   Skills:
 - Level 1.1 Short Blades
 - Level 2.1 Dodging
 + Level 5.0 Stealth
 * Level 2.5 Spellcasting
 + Level 5.0 Hexes


You had 4 spell levels left.
You knew the following spells:

 Your Spells              Type           Power        Failure   Level  Hunger
a - Corona                Hex            ###....      1%          1    #......
b - Ensorcelled Hibernat  Hex/Ice        ##....       12%         2    ##.....


Dungeon Overview and Level Annotations

Branches:
Dungeon (2/15)

Altars:

Annotations:
D:2 Robin


Innate Abilities, Weirdness & Mutations

You heal slowly.
You have razor-sharp teeth.
You have supernaturally acute eyesight.
You can survive without breathing.


Message History

You feel clever.
You can now transform into a vampire bat.
Robin's bangles clink loudly.
Robin zaps a wand.
The puff of flame hits you!
It is a wand of flame.
Robin roars a battlecry!
The goblin goes into a battle-frenzy!
Robin zaps a wand.
The puff of flame hits you!
You hear a shout!
Robin roars a battlecry!
Robin zaps a wand.
The puff of flame hits you!
Casting: Ensorcelled Hibernation
Confirm with . or Enter, or press ? or * to list all spells.
Aiming: Ensorcelled Hibernation
Press: ? - help, Shift-Dir - straight line, f - Robin
Aim: Robin, wielding a falchion, wearing an animal skin, wearing a helmet and carrying a wand of flame {zapped: 3} (chance 50%) Robin resists with some effort.
Robin zaps a wand.
The puff of flame hits you!
* * * LOW HITPOINT WARNING * * *
Robin zaps a wand.
The puff of flame hits you!
You die...

#.##........######
#.................
#########......##
#......#
#......#######
#..............
######.........
############.........
#...gg....@..........
#.#########.........
#.# #...>..........
#g# #.#####........
#.# #.# ######.# #g#
#.######### .. #.#
#..........
#.####.#########
#.##.........#


You could see Robin and a hobgoblin (frenzied).

Vanquished Creatures
  4 bats
  A giant cockroach (D:1)
  7 goblins
  4 hobgoblins
  3 giant newts (D:1)
  4 kobolds (D:1)
  2 rats (D:1)
25 creatures vanquished.

Notes
Turn   | Place    | Note
--------------------------------------------------------------
     0 | D:1      | kusayu, the Vampire Enchanter, began the quest for the Orb.
     0 | D:1      | Reached XP level 1. HP: 13/13 MP: 3/3
   377 | D:1      | Reached XP level 2. HP: 19/19 MP: 5/5
   384 | D:1      | Learned a level 2 spell: Ensorcelled Hibernation
  1050 | D:2      | Reached skill level 5 in Stealth
  1173 | D:2      | Reached skill level 5 in Hexes
  1174 | D:2      | Noticed Robin
  1224 | D:2      | Reached XP level 3. HP: 24/24 MP: 0/6
  1244 | D:2      | Killed from afar by Robin

Action                   || total
-------------------------++-------
Melee: Dagger            ||    50
 Cast: Corona            ||     8
       Ensorcelled Hiber ||     7
 Stab: Sleeping          ||    10
       Distracted        ||     1
